 Dungeon Crawl Stone Soup version 0.27-a0-869-g165b36e3f0 (webtiles) character file.

Game seed: 16189067195073508106

131 shoop the Insei (level 4, -2/34 HPs)
             Began as a Demigod Transmuter on Apr 3, 2021.
             Slain by a wyvern zombie (12 damage)
             ... on level 3 of the Dungeon.
             The game lasted 00:04:55 (3255 turns).

shoop the Insei (Demigod Transmuter)                Turns: 3255, Time: 00:04:56

Health: -2/34      AC:  2    Str: 11    XL:     4   Next: 61%
Magic:  10/10      EV: 12    Int: 19    God:
Gold:   107        SH:  0    Dex: 14    Spells: 6/7 levels left

rFire    . . .     SeeInvis .     - Unarmed
rCold    . . .     Faith    .   (no shield)
rNeg     . . .     Spirit   .   a - +0 robe
rPois    .         Reflect  .   (helmet currently unavailable)
rElec    .         Harm     .   (no cloak)
rCorr    .         Rampage  .   (no gloves)
Will     .....                  (boots currently unavailable)
Stlth    +.........             r - amulet of regeneration
HPRegen  1.11/turn              (no ring)
MPRegen  0.12/turn              (no ring)

@: appendages (expiring)
A: horns 2, talons 2, high mp 1, forlorn
a: End Transformation


You were on level 3 of the Dungeon.
You had temporarily grown beastly horns and talons.
You visited 1 branch of the dungeon, and saw 3 of its levels.

You collected 107 gold pieces.

Inventory:

Missiles
 c - 3 throwing nets
Armour
 a - a +0 robe (worn)
 l - a +0 kite shield
Magical Staves
 o - a staff of poison
Jewellery
 r - an amulet of regeneration (around neck)
Wands
 q - a wand of random effects (22)
Scrolls
 e - a scroll of immolation {unknown}
 f - a scroll of enchant weapon {unknown}
 g - 2 scrolls of identify {unknown}
 h - a scroll of torment {unknown}
 n - 2 scrolls of noise {unknown}
 p - a scroll of vulnerability {unknown}
 s - a scroll of summoning {unknown}
Potions
 b - a potion of magic {unknown}
 d - a potion of mutation {unknown}
 i - a potion of attraction {unknown}
 j - 2 potions of lignification {unknown}
 k - a potion of berserk rage {unknown}
 m - a potion of flight {unknown}
 t - a potion of heal wounds {unknown}
 u - a potion of curing {unknown}


   Skills:
 - Level 0.8 Fighting
 - Level 1.7 Dodging
 + Level 0.0 Stealth
 * Level 4.6 Unarmed Combat
 + Level 2.2 Spellcasting
 + Level 2.3 Transmutations
 + Level 0.0 Evocations


You had 6 spell levels left.
You knew the following spells:

 Your Spells              Type           Power      Damage    Failure   Level
a - Beastly Appendage     Tmut           20%        N/A       6%          1

Your spell library contained the following spells:

 Spells                   Type           Power      Damage    Failure   Level
 Wereblood                Tmut           10%        N/A       10%         2
 Spider Form              Tmut/Pois      3%         N/A       30%         3
 Confusing Touch          Hex            2%         N/A       45%         3
 Gell's Gravitas          Tloc           1%         N/A       45%         3
 Ice Form                 Ice/Tmut       6%         N/A       71%         4
 Petrify                  Tmut/Erth      6%         N/A       71%         4
 Hydra Form               Tmut           5%         N/A       87%         5
 Yara's Violent Unravell  Hex/Tmut       3%         3d4       96%         5
 Metabolic Englaciation   Hex/Ice        1%         N/A       99%         5


Dungeon Overview and Level Annotations

Branches:
Dungeon (3/15)


Innate Abilities, Weirdness & Mutations

You have temporarily grown beastly horns and talons.
Your attributes grow dramatically as you level up.
You have an increased reservoir of magic. (+10% MP)
You shall have no god before yourself.


Message History

You hit the wyvern zombie.
The wyvern zombie is lightly damaged.
The wyvern zombie closely misses you.
You punch the wyvern zombie!
You claw the wyvern zombie, but do no damage.
The wyvern zombie is moderately damaged.
The wyvern zombie bites you! The wyvern zombie bites you.
You hit the wyvern zombie but do no damage.
You claw the wyvern zombie.
The wyvern zombie is moderately damaged.
The wyvern zombie completely misses you.
You hit the wyvern zombie. You headbutt the wyvern zombie!
The wyvern zombie is heavily damaged.
Your transformation is almost over.
The wyvern zombie misses you.
You barely miss the wyvern zombie. You headbutt the wyvern zombie.
The wyvern zombie is severely damaged.
The wyvern zombie bites you!
You are too injured to fight recklessly!
You are too injured to fight recklessly!
You hit the wyvern zombie but do no damage.
Your kick misses the wyvern zombie.
The wyvern zombie is severely damaged.
The wyvern zombie closely misses you.
You hit the wyvern zombie but do no damage.
The wyvern zombie is severely damaged.
The wyvern zombie barely misses you.
You hit the wyvern zombie. You claw the wyvern zombie.
The wyvern zombie is severely damaged.
The wyvern zombie closely misses you.
You hit the wyvern zombie. You headbutt the wyvern zombie.
The wyvern zombie is almost destroyed.
The wyvern zombie bites you.
* * * LOW HITPOINT WARNING * * *
The wyvern zombie bites you.
* * * LOW HITPOINT WARNING * * *
You hit the wyvern zombie but do no damage.
The wyvern zombie is almost destroyed.
The wyvern zombie bites you!
You die...

#.# #.# #### ... ...
# #.# #.. .. #.# #.#
#... ###.###.###.#
#...
.........##.#####.#..
#...Z@.)...........
.#
$.....##.##.###.###.#
.# ###.# #.##.# #.#
#.# .. #
#.##.###.###.# ###..
..##.........# # #.#
########.###.#.## #.#
#...# #.#... ###.#
#.### #..... ....#
#.# #.####


You could see a wyvern zombie.

Vanquished Creatures
  Jessica (D:2)
  3 gnolls (D:2)
  2 adders (D:2)
  A dart slug (D:1)
  An orc (D:3)
  3 ball pythons
  6 bats
  2 endoplasms (D:1)
  2 giant cockroaches
  9 goblins
  5 hobgoblins
  4 jackals (D:1)
  5 quokkas
  2 frilled lizards
  2 kobolds
  3 rats
51 creatures vanquished.

Notes
Turn   | Place    | Note
-------+----------+-------------------------------------------
     0 | D:1      | shoop the Demigod Transmuter began the quest for the Orb.
     0 | D:1      | Reached XP level 1. HP: 15/15 MP: 5/5
    75 | D:1      | Reached skill level 3 in Unarmed Combat
   272 | D:1      | Reached XP level 2. HP: 18/22 MP: 5/7
  1452 | D:1      | Reached XP level 3. HP: 23/27 MP: 8/8
  1765 | D:2      | Reached skill level 4 in Unarmed Combat
  2396 | D:2      | Reached XP level 4. HP: 28/34 MP: 7/9
  2812 | D:2      | Noticed Jessica
  2825 | D:2      | Killed Jessica
  3255 | D:3      | Slain by a wyvern zombie

Illustrated notes

Levels and vault maps discovered:
D:1:      minmay_arrival_three_doors, layout_basic, chequers_avenue,
          grunt_decor_junction
D:2:      layout_basic, corexii_hall_statues_u, uniq_jessica
D:3:      layout_loops_ring, lemuel_doored_altar, basic_ecumenical_altar

Skill      XL: |  1  2  3 |
---------------+----------+-----
Unarmed Combat | 3 4 |  4.6
Transmutations | 2 |  2.3
Spellcasting   | 2 |  2.2
Fighting       | |  0.8
Dodging        | |  1.7

Action                   |  1- 3 |  4- 6 || total
-------------------------+-------+-------++-------
Melee: Unarmed           |   103 |    40 ||   143
       Headbutt          |    12 |     9 ||    21
       Kick              |    19 |     8 ||    27
       Punch             |     2 |       ||     2
 Cast: Beastly Appendage |    28 |    11 ||    39
Armor: Robe              |    16 |     9 ||    25
Dodge: Dodged            |    69 |    25 ||    94

Table legend: (Time is in decaauts)
 A = Elapsed time spent in this place.
 B = Non-inter-level travel time spent in this place.
 C = Inter-level travel time spent in this place.
 D = Time resting spent in this place.
 E = Time spent auto-exploring this place.
 F = Levels seen in this place.
 G = Mean time per level.
                   A        B        C        D        E       F      G
               +--------+--------+--------+--------+--------+-----+--------+
         Total |   3246 |   3201 |     45 |     29 |   2738 |   3 | 1082.0 |
       Dungeon |   3246 |   3201 |     45 |     29 |   2738 |   3 | 1082.0 |
               +--------+--------+--------+--------+--------+-----+--------+

Top non-repeatable levels by time:
     D:1: 1729 daAuts
     D:2: 1212 daAuts
     D:3: 304 daAuts
